 Dungeon Crawl Stone Soup version 0.14-a0-1546-g4b4961f (webtiles) character file.

955 Mitsuki the Archer (level 7, -6/52 HPs)
             Began as a Centaur Hunter on Dec 19, 2013.
             Shot with an arrow of frost by a centaur (17 damage)
             ... on Level 7 of the Dungeon.
             The game lasted 00:39:58 (5959 turns).

Mitsuki the Archer (Centaur Hunter)                 Turns: 5959, Time: 00:39:59

HP  -6/52        AC  6     Str 20      XL: 7   Next: 46%
MP   5/5         EV 13     Int 15      God:
Gold 219         SH  0     Dex 14      Spells:  0 memorised,  6 levels left

rFire  . . .     SeeInvis .     b - +3 bow (curse)
rCold  . . .     Clarity  +     d - +1 leather armour
rNeg   . . .     Conserve .     (no shield)
rPois  .         rCorr    .     (no helmet)
rElec  .         rRot     .     c - +0 cloak of Amorality {Str+5 Dex+1 Int+3}
SustAb . .       Spirit   .     (no gloves)
rMut   .         Warding  .     (no barding)
Saprov . . .     Stasis   .     (no amulet)
                                j - +4 ring of evasion
                                p - ring of sustenance

@: very quick, slightly resistant to hostile enchantments, very unstealthy
A: hooves 3, agile 1, clarity, clever 1, deformed body, herbivore 1, speed 2,
fast metabolism 1, spit poison 1, tough skin 3
a: Spit Poison


You were on level 7 of the Dungeon.
You were not hungry.

You visited 2 branches of the dungeon, and saw 8 of its levels.
You also visited: Sewer and Ossuary.

You collected 219 gold pieces.

Inventory:

Hand weapons
 a - a +2,+0 elven long sword of holy wrath
 b - a cursed +3,+3 bow (weapon)
Missiles
 v - 2 arrows (quivered)
Armour
 c - the +0 cloak of Amorality (worn) {Str+5 Dex+1 Int+3}
   (You found it on level 5 of the Dungeon)

   It affects your strength (+5).
   It affects your intelligence (+3).
   It affects your dexterity (+1).
 d - a +1 leather armour (worn)
Comestibles
 f - a bread ration
 u - a meat ration
Scrolls
 g - a scroll of remove curse
 h - 3 scrolls of teleportation
 k - a scroll of magic mapping
Jewellery
 j - a +4 ring of evasion (right hand)
 p - a ring of sustenance (left hand)
 r - an uncursed ring of protection from fire
Potions
 e - a potion of restore abilities
 i - a potion of porridge
 l - 4 potions of curing
 n - 3 potions of speed
 o - a potion of might
 q - a potion of magic
 s - a potion of heal wounds
 t - 3 potions of flight
Books
 m - a book of the Earth

   Spells                             Type                      Level
   Dig                                Earth                        4
   Leda's Liquefaction                Hexes/Earth                  4
   Bolt of Magma                      Conjuration/Fire/Earth       5
   Statue Form                        Transmutation/Earth          6
   Iron Shot                          Conjuration/Earth            6
   Shatter                            Earth                        9


   Skills:
 - Level 1.0 Fighting
 + Level 11.8 Bows
 - Level 1.3 Dodging
 - Level 0.5 Stealth


You had 6 spell levels left.
You didn't know any spells.

Dungeon Overview and Level Annotations

Branches:
Dungeon (7/16)             Temple (1/1) D:5

Altars:
Ashenzari
Cheibriados
Elyvilon
Fedhas
Makhleb
Nemelex Xobeh
Sif Muna
Trog
Vehumet
Xom
Yredelemnul
Zin
the Shining One

Shops:
D:7 :


Innate Abilities, Weirdness & Mutations

You have hooves in place of feet.
Armour fits poorly on your strangely shaped body.
You digest meat inefficiently.
You cover ground very quickly.
You have a fast metabolism.
You have extremely tough skin (AC +3).
You are agile. (Dex +2)
You possess an exceptional clarity of mind.
Your mind is acute. (Int +2)
You can spit poison.


Message History

Press: ? - help, Shift-Dir - straight line, f - centaur
Aim: a centaur, wielding a bow of frost You shoot an arrow.
The arrow hits the centaur.
The centaur is heavily wounded.
You have got your breath back.
The centaur shoots an arrow of frost.
The arrow of frost hits you!
One of your 4 potions of speed freezes and shatters!
v - 2 arrows The centaur shoots an arrow of frost.
The arrow of frost misses you.
Firing (i - inventory):
v - 2 arrows (quivered)
Press: ? - help, Shift-Dir - straight line, f/p - centaur
Aim: a centaur, wielding a bow of frost (heavily wounded)
You shoot an arrow. The arrow hits the centaur.
The centaur is almost dead.
The centaur shoots an arrow of frost.
The arrow of frost hits you!
One of your 4 potions of flight freezes and shatters!
* * * LOW HITPOINT WARNING * * *
v - 2 arrows (gained 1)
The centaur shoots an arrow of frost.
The arrow of frost hits you!
You die...

...
#(#
#c#
#)#
#.#
#.#
#.#
#.#
#@#
#(#
###


You could see a centaur.

Vanquished Creatures
  An ogre (D:6)
  A big kobold (Sewer)
  2 giant frogs
  A big fish (Sewer)
  2 crimson imps (D:5)
  2 hounds (D:4)
  A centaur zombie (Ossuary)
  A human zombie (Ossuary)
  An ogre skeleton (D:4)
  2 mummies (Ossuary)
  6 adders
  A giant mite (D:5)
  3 worms
  5 grey rats
  A giant gecko (D:5)
  An ooze (D:3)
  4 orcs
  A ball python (D:1)
  6 bats
  7 giant cockroaches
  2 goblins
  12 hobgoblins
  22 jackals
  8 giant newts
  2 goblin zombies (Ossuary)
  10 kobolds
  A quokka (D:4)
  24 rats
130 creatures vanquished.

Notes
Turn   | Place    | Note
--------------------------------------------------------------
     0 | D:1      | Mitsuki, the Centaur Hunter, began the quest for the Orb.
     0 | D:1      | Reached XP level 1. HP: 16/16 MP: 1/1
   198 | D:1      | Reached XP level 2. HP: 8/23 MP: 2/2
   202 | D:1      | Reached skill level 6 in Bows
  1079 | D:2      | Reached XP level 3. HP: 28/28 MP: 3/3
  1126 | D:2      | Reached skill level 7 in Bows
  1329 | D:2      | Reached XP level 4. HP: 32/35 MP: 3/3
  1960 | D:3      | Reached skill level 8 in Bows
  1966 | D:3      | Found a bloodstained altar of Trog.
  2152 | D:3      | Found a snail-covered altar of Cheibriados.
  2345 | D:4      | Reached XP level 5. HP: 13/40 MP: 4/4
  2572 | D:4      | Reached skill level 9 in Bows
  2620 | D:4      | Paralysed by a potion of paralysis for 2 turns
  2808 | D:4      | Noticed a giant frog
  2821 | D:4      | Killed a giant frog
  2821 | D:4      | Reached XP level 6. HP: 16/47 MP: 5/5
  3116 | D:5      | Entered Level 5 of the Dungeon
  3230 | D:5      | Found a glowing drain.
  3236 | Sewer    | Entered a sewer
  3293 | Sewer    | Reached skill level 10 in Bows
  3594 | Sewer    | Found a white marble altar of Elyvilon.
  3631 | Sewer    | Gained mutation: You possess an exceptional clarity of mind. [potion of beneficial mutation]
  3632 | Sewer    | Gained mutation: Your mind is acute. (Int +2) [potion of beneficial mutation]
  3819 | D:5      | Gained mutation: You can spit poison. [potion of beneficial mutation]
  3825 | D:5      | Found a staircase to the Ecumenical Temple.
  3830 | Temple   | Entered the Ecumenical Temple
  4087 | D:5      | Found a sand-covered staircase.
  4093 | Ossuary  | Entered an ossuary
  4117 | Ossuary  | Reached XP level 7. HP: 21/52 MP: 5/5
  4295 | Ossuary  | Reached skill level 11 in Bows
  4941 | D:5      | Got a steaming cloak
  5149 | D:4      | Identified the +0 cloak of Amorality {Str+5 Dex+1 Int+3} (You found it on level 5 of the Dungeon)
  5626 | D:7      | Found Caxang's Book Shop.
  5713 | D:6      | Found a sparkling altar of Nemelex Xobeh.
  5724 | D:6      | Gained mutation: You are agile. (Dex +2) [potion of beneficial mutation]
  5959 | D:7      | Shot with an arrow of frost by a centaur

Action                   |  1- 3 |  4- 6 |  7- 9 || total
-------------------------+-------+-------+-------++-------
Melee: Unarmed           |    33 |    39 |       ||    72
       Long sword        |       |   176 |       ||   176
       Bow               |       |       |    48 ||    48
 Fire: Bow               |    71 |    63 |    23 ||   157
 Abil: Spit Poison       |       |       |    20 ||    20
  Use: Scroll            |     8 |     4 |     8 ||    20
       Potion            |       |     8 |     7 ||    15
